 Dungeon Crawl Stone Soup version 0.29-a0-340-g6efceafd81 (webtiles) character file.

Game seed: 3765997759452759040

2965 HendSelp the Slicer (level 9, -1/94 HPs)
             Began as an Octopode Fighter on Apr 19, 2022.
             Was an Initiate of Gozag.
             Killed by the air
             ... invoked by Gastronok
              (19 damage)
             ... on level 8 of the Dungeon.
             The game lasted 00:08:32 (9831 turns).

HendSelp the Slicer (Octopode Fighter)              Turns: 9831, Time: 00:08:32

Health: -1/94      AC: 28    Str: 17    XL:     9   Next: 82%
Magic:  9/9        EV:  2    Int: 10    God:    Gozag
Gold:   361        SH:  5    Dex: 14    Spells: 8/8 levels left

rFire   . . .      SeeInvis .   a - +1 rapier
rCold   + + .      Faith    .   b - +0 buckler
rNeg    . . .      Spirit   .   (helmet currently unavailable)
rPois   +          Reflect  .   l - amulet of the acrobat
rElec   .          Harm     .   g - ring of protection from cold
rCorr   .          Rampage  .   m - +4 ring of protection
Will    .....      NoTele   +   v - ring of protection from cold
Stlth   +.........              (no ring)
HPRegen 0.25/turn               (no ring)
MPRegen 0.11/turn               (no ring)
                                (no ring)
                                (no ring)

@: tree-form
A: stationary, stasis, torment immunity, boosted hp, almost no armour,
(amphibious), 8 rings, (camouflage 1), (gelatinous body 1), (nimble swimmer 1),
(tentacles)
a: Renounce Religion, Potion Petition, Call Merchant, Bribe Branch


You were on level 8 of the Dungeon.
You worshipped Gozag.
Gozag was aware of your devotion.
You were a tree.
You visited 2 branches of the dungeon, and saw 9 of its levels.
You also visited: Ossuary.

You collected 945 gold pieces.
You paid 584 gold pieces to Gozag.

Inventory:

Hand Weapons
 a - a +1 rapier (weapon)
Armour
 b - a +0 buckler (worn)
Jewellery
 g - a ring of protection from cold (left branch)
 l - an amulet of the acrobat (around neck)
 m - a +4 ring of protection (right branch)
 v - a ring of protection from cold (on tentacle)
Wands
 j - a wand of polymorph (31)
 k - a wand of flame (10)
Scrolls
 c - a scroll of blinking
 d - 3 scrolls of amnesia
 h - a scroll of teleportation
 r - 2 scrolls of fear
 y - a scroll of enchant weapon
Potions
 e - 3 potions of attraction
 n - 3 potions of brilliance
 o - a potion of invisibility {unknown}
 p - 2 potions of lignification
 q - a potion of flight {unknown}
 s - a potion of cancellation {unknown}
 u - 2 potions of mutation
 w - a potion of degeneration {unknown}
 z - a potion of ambrosia {unknown}


   Skills:
 * Level 6.6 Fighting
 * Level 9.5 Short Blades
 * Level 6.5 Dodging
 * Level 5.4 Shields


You had 8 spell levels left.
You didn't know any spells.
Your spell library contained the following spells:

 Spells                   Type           Power      Damage    Failure   Level
 Animate Skeleton         Necr           0%         N/A       43%         1
 Foxfire                  Conj/Fire      0%         2x1d4     43%         1
 Magic Dart               Conj           0%         1d3       43%         1
 Pain                     Necr           0%         1d4       43%         1
 Blink                    Tloc           0%         N/A       58%         2
 Call Imp                 Summ           0%         N/A       58%         2
 Confusing Touch          Hex            0%         N/A       82%         3
 Mephitic Cloud           Conj/Pois/Air  0%         N/A       82%         3
 Vampiric Draining        Necr           0%         2d6       82%         3
 Manifold Assault         Tloc           0%         N/A       100%        5
 Yara's Violent Unravell  Hex/Tmut       0%         3d3       100%        5
 Enfeeble                 Hex            0%         N/A       100%        7
 Storm Form               Tmut/Air       0%         N/A       100%        7


Dungeon Overview and Level Annotations

Branches:
Dungeon (8/15)             Temple (1/1) D:4         Ossuary (visited)
   Lair: D:8-11

Altars:
Cheibriados
Dithmenos
Elyvilon
Fedhas
Gozag
Hepliaklqana
Kikubaaqudgha
Makhleb
Nemelex Xobeh
Okawaru
Qazlal
Ru
Sif Muna
Trog
Uskayaw
Vehumet
Wu Jian
Xom
Yredelemnul
Zin
The Shining One

Shops:
D:6 (   D:8 (

Annotations:
D:8 Gastronok


Innate Abilities, Weirdness & Mutations

You are a tree.
Your roots penetrate the ground, keeping you stationary.
You cannot be teleported.
You are immune to unholy pain and torment.
Your maximum health is greatly increased.
You cannot wear most types of armour.
((You are amphibious.))
You can wear up to eight rings at the same time.
((Your skin changes colour to match your surroundings (Stealth+).))
((Your rubbery body absorbs attacks. (AC +1, EV +1)))
((You are camouflaged when in or above water. (Stealth+)))
((You have tentacles for arms and can constrict up to eight enemies at once.))


Message History

Aiming: Polymorph
Press: ? - help, Shift-Dir - straight line, f - Gastronok
Aim: Gastronok, wearing a +1 hat of willpower (will become a rockslime, a juggernaut, or a titan, chance to affect: 0%)
Okay, then.
Unknown command.
Throw: 3 throwing nets
Press: ? - help, Q - select action, (/) - cycle Shift-Dir - straight line, f - Gastronok
Aim: Gastronok, wearing a +1 hat of willpower (93% to hit, immune to nets)
You throw a throwing net. The throwing net hits Gastronok.
Gastronok is too large for the net to hold!
Unknown command.
Gastronok bites you!!
Ouch! That really hurt!
* * * LOW HITPOINT WARNING * * *
Throw: 2 throwing nets
Press: ? - help, Q - select action, (/) - cycle Shift-Dir - straight line, f/p - Gastronok
Aim: Gastronok, wearing a +1 hat of willpower (93% to hit, immune to nets)
You throw a throwing net. The throwing net hits Gastronok.
Gastronok is too large for the net to hold!
Unknown command.
Unknown command.
Unknown command.
Throw: throwing net
Press: ? - help, Q - select action, (/) - cycle Shift-Dir - straight line, f/p - Gastronok
Aim: Gastronok, wearing a +1 hat of willpower (93% to hit, immune to nets)
You throw a throwing net. The throwing net hits Gastronok.
Gastronok is too large for the net to hold!
Gastronok bites you!
* * * LOW HITPOINT WARNING * * *
Unknown command.
Unknown command.
Unknown command.
Unknown command.
You turn into a tree.
Your roots penetrate the ground.
Unknown command.
You hit Gastronok but do no damage.
Gastronok waves his eye-stalks in wide circles.
The air twists around and strikes you!!
You die...
Your body crumbles into a pile of gold.

#.#.###..# .# ##.#
#.#.#...## #.##
###... #.#.#.### #...
.......... ###.#.#.#
..# .########..
#.......######.###...
...(...
#..................#
####..#
#..................#
#...##
#..>...............#
#..## #
#............♣....##
..#
#.......######w#....#
. #..[....# .# ##.#
#####...# .# #.### .#
.# $ .# ##


You could see Gastronok.

Vanquished Creatures
  Sigmund (D:3)
  A yak (D:8)
  A wyvern (D:8)
  A steam dragon (D:7)
  Menkaure (D:4)
  Edmund (D:4)
  A water moccasin (D:6)
  An ice beast (D:7)
  A tengu (D:5)
  2 ogres
  2 lemures (D:5)
  2 kobold brigands
  Blork the orc (D:4)
  2 elf zombies (Ossuary)
  2 bullfrogs (D:6)
  A gnoll sergeant (D:7)
  2 scorpions
  A wight (D:7)
  A centaur zombie (Ossuary)
  4 human zombies (Ossuary)
  Crazy Yiuf (D:7)
  3 orc priests
  2 hounds
  A jelly (D:5)
  4 iguanas
  9 orc wizards
  A centaur simulacrum (D:8)
  2 mummies (Ossuary)
  Robin (D:3)
  10 gnolls
  4 adders
  A white imp (D:8)
  An ufetubus (D:5)
  28 orcs
  9 endoplasms
  3 giant cockroaches
  11 goblins
  7 hobgoblins
  2 jackals (D:5)
  9 ball pythons
  4 bats
  A frilled lizard (D:1)
  A goblin zombie (Ossuary)
  7 hobgoblin zombies (Ossuary)
  2 jackal zombies (Ossuary)
  9 kobolds
  11 kobold zombies (Ossuary)
  8 orc zombies (Ossuary)
  4 rats
  A rat zombie (Ossuary)
186 creatures vanquished.

Notes
Turn   | Place    | Note
-------+----------+-------------------------------------------
     0 | D:1      | HendSelp the Octopode Fighter began the quest for the Orb.
     0 | D:1      | Reached XP level 1. HP: 16/16 MP: 1/1
   470 | D:1      | Reached XP level 2. HP: 19/21 MP: 2/2
   579 | D:1      | Found a faded altar of an unknown god.
  1145 | D:2      | Reached XP level 3. HP: 25/26 MP: 3/3
  2038 | D:3      | Noticed Sigmund
  2054 | D:3      | Killed Sigmund
  2055 | D:3      | Reached skill level 3 in Short Blades
  2055 | D:3      | Reached XP level 4. HP: 24/33 MP: 4/4
  2055 | D:3      | Reached XP level 5. HP: 27/37 MP: 5/5
  2221 | D:3      | Noticed Robin
  2228 | D:3      | Killed Robin
  2233 | D:3      | Reached XP level 6. HP: 31/43 MP: 6/6
  2375 | D:3      | Found a bloodstained altar of Trog.
  2375 | D:3      | Found a sparkling altar of Nemelex Xobeh.
  2598 | D:3      | Found a white marble altar of Elyvilon.
  2940 | D:4      | Reached skill level 4 in Short Blades
  2997 | D:4      | Found a staircase to the Ecumenical Temple.
  3003 | D:4      | Noticed Menkaure
  3011 | D:4      | Killed Menkaure
  3012 | D:4      | Reached XP level 7. HP: 8/49 MP: 7/7
  3096 | D:4      | Noticed Blork the orc
  3104 | D:4      | Killed Blork the orc
  3105 | D:4      | Reached skill level 5 in Short Blades
  3132 | D:4      | Found a sand-covered staircase.
  3137 | Ossuary  | Entered an ossuary
  3732 | Ossuary  | Reached skill level 5 in Dodging
  4056 | Ossuary  | Reached skill level 5 in Fighting
  4068 | Ossuary  | Reached skill level 6 in Short Blades
  4068 | Ossuary  | Reached XP level 8. HP: 46/55 MP: 8/8
  4170 | Ossuary  | Identified the +3 leather armour of Qazlal's Regard {MP+9}
  4463 | D:4      | Noticed Edmund
  4474 | D:4      | Killed Edmund
  4815 | Temple   | Entered the Ecumenical Temple
  4872 | Temple   | Became a worshipper of Gozag Ym Sagoz the Greedy
  5034 | D:5      | Entered Level 5 of the Dungeon
  5269 | D:5      | Noticed Pikel
  5279 | D:5      | Noticed Pikel
  5279 | D:5      | Pikel changed into Pikel the tengu
  5282 | D:5      | Killed Pikel the tengu
  5477 | D:5      | Reached skill level 7 in Short Blades
  5909 | D:5      | Found a glowing golden altar of the Shining One.
  5913 | D:5      | Found a radiant altar of Vehumet.
  6545 | D:6      | Found Ekhezu's Antique Weapon Shoppe.
  6669 | D:6      | Reached XP level 9. HP: 58/62 MP: 9/9
  6789 | D:6      | Reached skill level 8 in Short Blades
  6794 | D:6      | Reached skill level 5 in Shields
  7015 | D:6      | Found a blossoming altar of Fedhas.
  8554 | D:7      | Found a shimmering blue altar of Sif Muna.
  8583 | D:7      | Got Sif Muna's Grimoire of Conjuration
  8794 | D:7      | Found a runed translucent door.
  8795 | D:7      | Noticed Crazy Yiuf
  8905 | D:7      | Killed Crazy Yiuf
  8945 | D:8      | Reached skill level 9 in Short Blades
  9822 | D:8      | Noticed Gastronok
  9831 | D:8      | Killed from afar by Gastronok

Illustrated notes

Levels and vault maps discovered:
D:1:      scummos_arrival_simple_crosswalls, layout_basic,
          shapermc_ecumenical_altar_mp_ritualfount, serial_curves,
          eino_curves_03, eino_curves_03, grunt_decor_arrowhead,
          minmay_tiny_reverse_x
D:2:      layout_basic, kennysheep_big_empty_room
D:3:      layout_loops_ring, elyvilon_altar_5,
          chequers_temple_overflow_statue_of_worship, uniq_robin, uniq_sigmund
D:4:      layout_basic, minmay_temple_entry_ruins, nicolae_ossuary_entry_plus,
          corexii_item_surrounded_by_moat, uniq_blork_the_orc, uniq_menkaure,
          uniq_edmund
D:5:      layout_basic, overflow_temple_1_default,
          mainiacjoe_overflow_tiny_flanked, hex_medium, uniq_pikel
D:6:      layout_basic, lemuel_doored_altar, serial_shops, shop_fountains,
          grunt_ministairs_3, feat_on_display
D:7:      layout_loops_cross, led_sif_book, minmay_diced_spiral,
          uniq_crazy_yiuf_cottage
D:8:      layout_rooms, serial_ice, serial_ice_k, serial_ice_a, serial_ice_f,
          serial_ice_e, uniq_gastronok
Temple:   eino_narrow_crystal_temple

Skill      XL: |  1  2  3  4  5  6  7  8  9 |
---------------+----------------------------+-----
Fighting       | 4 5 6 |  6.6
Short Blades   | 3 4 6 7 9 |  9.5
Dodging        | 4 5 6 |  6.5
Shields        | 4 5 |  5.4

Action                   |  1- 3 |  4- 6 |  7- 9 || total
-------------------------+-------+-------+-------++-------
Melee: Rapier            |    55 |    50 |   380 ||   485
       Constrict         |    15 |    15 |    89 ||   119
       Tentacles         |    10 |    13 |    98 ||   121
       Unarmed           |     6 |       |       ||     6
       Punch             |       |     1 |     6 ||     7
Throw: Throwing net      |       |       |     9 ||     9
Invok: Call Merchant     |       |       |     1 ||     1
Evoke: Wand              |       |       |     1 ||     1
  Use: Scroll            |     4 |     1 |     9 ||    14
       Potion            |       |     2 |     8 ||    10
 Stab: Sleeping          |     4 |     2 |     3 ||     9
       Distracted        |       |       |     3 ||     3
       Held in net/web   |       |       |     4 ||     4
Armor: Skin              |     3 |     6 |    61 ||    70
Dodge: Dodged            |    30 |    21 |   203 ||   254
Block: Buckler           |     9 |    10 |    75 ||    94

Table legend: (Time is in decaauts)
 A = Elapsed time spent in this place.
 B = Non-inter-level travel time spent in this place.
 C = Inter-level travel time spent in this place.
 D = Time resting spent in this place.
 E = Time spent auto-exploring this place.
 F = Levels seen in this place.
 G = Mean time per level.
                   A        B        C        D        E       F      G
               +--------+--------+--------+--------+--------+-----+--------+
         Total |   9797 |   9528 |    269 |   1640 |   6464 |  10 |  979.7 |
       Dungeon |   8568 |   8341 |    227 |    963 |   6150 |   8 | 1071.0 |
        Temple |    188 |    147 |     41 |      0 |    137 |   1 |  188.0 |
       Ossuary |   1041 |   1041 |      0 |    677 |    177 |   1 | 1041.0 |
               +--------+--------+--------+--------+--------+-----+--------+

Top non-repeatable levels by time:
     D:7: 1808 daAuts
     D:6: 1377 daAuts
     D:1: 1087 daAuts
 Ossuary: 1041 daAuts
     D:5: 1029 daAuts
     D:3: 928 daAuts
     D:4: 923 daAuts
     D:2: 870 daAuts
     D:8: 543 daAuts
  Temple: 188 daAuts
